Map: Ley Lines

Players

Sebasemen

  • Race: Protoss Protoss
  • League: Diamond
  • Spawn Location: 7:00

UwU - Winner!

  • Race: Zerg Zerg
  • League: Master
  • Spawn Location: 1:00

VOD

Have the link to the VOD?

Description

Time

  • Played on: April 26, 2025, 11:46 a.m.
  • Length: 2:29
Show
View Real Time Build Order
Export as new Build Order

Sebasemen Protoss 

Build Orders: 1 Gate Expand 

Get SALT Encoding   

  12  0:00  Probe  
  13  0:12  Probe  
  14  0:19  Pylon  
  14  0:24  Probe  
  15  0:37  Probe  
  16  0:43  Gateway  
  16  0:49  Gateway  
  16  0:56  Assimilator  
  16  0:59  Probe  
  18  1:11  Probe  
  18  1:23  Probe  
  19  1:30  Cybernetics Core  
  19  1:43  Nexus  
  19  1:44  Zealot  
  19  1:49  Zealot  
Show
View Real Time Build Order
Export as new Build Order

UwU Zerg - Winner!

Build Orders: Pool Only 

Get SALT Encoding   

  12  0:16  Spawning Pool  
  11  0:23  Drone  
  11  0:26  Drone  
  13  0:30  Drone  
  14  0:40  Overlord  
  14  1:05  Zergling x4  
  14  1:06  Zergling x2  
  17  1:20  Zergling x2  
  18  1:30  Zergling x2  
  19  1:39  Zergling x2  
  20  1:53  Zergling x2  
  21  2:03  Zergling x2  
  20  2:11  Zergling x2  
Tags
 
Add a new tag
Caveats
  • Supply blocks, unpowered buildings, or Contaminate may cause inaccurate times.
  • Supply counts are checked every 10 seconds.